 Dungeon Crawl Stone Soup version 0.31.0-11-ge490571c62 (webtiles) character file.

Game seed: 12194484262886972343

198 Rassilon the Insei (level 5, -7/42 HPs)
             Began as a Demonspawn Monk on Jan 30, 2024.
             Mangled by an ogre
             ... wielding a +0 giant club
              (22 damage)
             ... on level 4 of the Dungeon.
             The game lasted 00:13:01 (2916 turns).

Rassilon the Insei (Demonspawn Monk)                Turns: 2916, Time: 00:13:02

Health: -7/42      AC:  7    Str: 12    XL:     5   Next: 47%
Magic:  5/5        EV: 11    Int: 10    God:
Gold:   143        SH:  0    Dex: 17    Spells: 4/4 levels left

rFire   . .          .
                       - Unarmed
rCold   . . .        (no shield)
rNeg    . . .        m - +0 scale mail
rPois   .            (no helmet)
rElec   .            (no cloak)
rCorr   .            (no gloves)
SInv    .            g - +0 pair of boots
Will    .....        (no amulet)
Stlth   +            (no ring)
HPRegen 0.27/turn    (no ring)
MPRegen 0.09/turn

%: no passive effects
@: no status effects
A: claws 2, sturdy frame 1
a: no special abilities


You were on level 4 of the Dungeon.
You visited 1 branch of the dungeon, and saw 4 of its levels.

You collected 143 gold pieces.

Inventory:

Armour
 g - a +0 pair of boots (worn)
 m - a +0 scale mail (worn)
Talismans
 n - a maw talisman
Scrolls
 a - a scroll of blinking {unknown}
 c - a scroll of enchant armour {unknown}
 f - 5 scrolls of identify {unknown}
 h - a scroll of poison {unknown}
 k - a scroll of enchant weapon {unknown}
Potions
 b - a potion of ambrosia
 d - a potion of invisibility {unknown}
 e - a potion of heal wounds {unknown}
 i - a potion of haste {unknown}
 j - a potion of might {unknown}
 l - a potion of curing {unknown}


   Skills:
 + Level 3.9 Fighting
 + Level 3.6 Dodging
 * Level 4.4 Unarmed Combat
 + Level 0.7 Shapeshifting


You had 4 spell levels left.
You didn't know any spells.
Your spell library contained the following spells:

 Spells                   Type           Power      Damage    Failure   Level
 Gell's Gravitas          Tloc           0%         N/A       98%         3
 Teleport Other           Tloc           0%         N/A       98%         3
 Dispersal                Tloc           0%         N/A       100%        6


Dungeon Overview and Level Annotations

Branches:
Dungeon (4/15)
 Temple: D:4-7

Altars:
Dithmenos
Gozag
Trog


Innate Abilities, Weirdness & Mutations

You have very sharp fingernails.
Your movements are slightly less encumbered by armour. (ER -2)


Message History

The scorpion is almost dead.
You feel very sick. The scorpion barely misses you.
You claw the scorpion!
You kill the scorpion!
You feel sick.
You start resting.
You feel sick. x7
You are no longer poisoned.
There is an escape hatch in the ceiling here.
A mysterious force pulls you upwards. The hatch slams shut behind you.
You see here 5 stones.
There is a stone staircase leading down here.
You start resting.
HP restored.
You climb downwards.
There is a stone staircase leading up here.
A kobold comes into view. It is wielding a +0 dagger.
The kobold shouts!
The kobold hits you but does no damage.
You closely miss the kobold. The kobold hits you with a +0 dagger.
You claw the kobold!
You kill the kobold!
Things that are here:
a +0 dagger; a kobold corpse
Found a stone staircase leading up.
Things that are here:
a +0 dagger; a kobold corpse
There is a stone staircase leading up here.
f - 5 scrolls labelled ITWAIG TILLU (gained 1)
Found 6 stones.
An ogre comes into view. It is wielding a +0 giant club.
You barely miss the ogre.
The ogre hits you with a +0 giant club!!
Ouch! That really hurt!
You scratch the ogre but do no damage. You claw the ogre!
The ogre is moderately wounded.
The ogre hits you with a +0 giant club!!
Ouch! That really hurt!
You die...

##....##....#. .
#......#. .# #.
#......#. ..O #
.##....#####...
#..#.
..#.##..####...
##.#..##.# #
#.....<. ..##....#
#####... # #..##O#
# .....
.#.##..#@##..#
###... ....##....#
#### # . #..#.##.(#
##.#..##.#..##.#..#
..##....##....# ...
#..##.#..##.#..##.
#..#.##..#.##..#
#.............
#..###########


You could see an ogre.

Vanquished Creatures
  A scorpion (D:4)
  2 orc wizards (D:4)
  An adder (D:2)
  3 ribbon worms
  3 dart slugs
  4 orcs (D:4)
  10 endoplasms
  5 giant cockroaches
  A hobgoblin (D:3)
  10 jackals
  A quokka (D:2)
  3 ball pythons
  9 bats
  4 frilled lizards
  3 goblins
  5 kobolds
  A rat (D:1)
66 creatures vanquished.

Notes
Turn   | Place    | Note
-------+----------+-------------------------------------------
     0 | D:1      | Rassilon the Demonspawn Monk began the quest for the Orb.
     0 | D:1      | Reached XP level 1. HP: 18/18 MP: 1/1
   172 | D:1      | Reached skill level 3 in Unarmed Combat
   172 | D:1      | Gained mutation: You have sharp fingernails. [demonic
                  | ancestry]
   172 | D:1      | Reached XP level 2. HP: 12/24 MP: 2/2
   713 | D:1      | Gained mutation: Your movements are slightly less
                  | encumbered by armour. (ER -2) [demonic ancestry]
   713 | D:1      | Reached XP level 3. HP: 28/29 MP: 3/3
  1330 | D:2      | Gained mutation: You have very sharp fingernails. [demonic
                  | ancestry]
  1330 | D:2      | Reached XP level 4. HP: 30/34 MP: 4/4
  1703 | D:3      | Found a bloodstained altar of Trog.
  1704 | D:3      | Found a shadowy altar of Dithmenos.
  1708 | D:3      | Found an opulent altar of Gozag.
  1966 | D:3      | Found a faded altar of an unknown god.
  2532 | D:4      | Reached skill level 4 in Unarmed Combat
  2638 | D:4      | Reached XP level 5. HP: 36/42 MP: 5/5
  2908 | D:4      | Noticed an ogre
  2916 | D:4      | Mangled by an ogre

Illustrated notes

Levels and vault maps discovered:
D:1:      orjb1_lava_funnel, layout_loops_ring, columned_hall_lemuel
D:2:      layout_rooms
D:3:      layout_basic, grunt_temple_overflow_open, nicolae_ecumenical_oubliette
D:4:      layout_basic, nicolae_eternal_life, chequers_serial_rivers_marsh,
          small_statue_intersection, uniq_edmund

Skill      XL: |  1  2  3  4 |
---------------+-------------+-----
Unarmed Combat | 3 4 |  4.4
Dodging        | 3 |  3.6
Fighting       | |  3.9
Shapeshifting  | |  0.7

Action                     |  1- 3 |  4- 6 || total
---------------------------+-------+-------++-------
  Melee: Unarmed           |   140 |    80 ||   220
         Punch             |     2 |     1 ||     3
   Stab: Sleeping          |     3 |     1 ||     4
 Armour: Robe              |    60 |    17 ||    77
         Scale mail        |       |    24 ||    24
  Dodge: Dodged            |   104 |    42 ||   146
